 Dungeon Crawl Stone Soup version 0.28.0-47-ge53b351184 (webtiles) character file.

Game seed: 6090795758823827241

82 Exodus22XD the Chopper (level 4, -5/41 HPs)
             Began as a Hill Orc Monk on May 7, 2022.
             Slain by an ice beast (13 damage)
             ... on level 2 of the Dungeon.
             The game lasted 00:02:32 (2882 turns).

Exodus22XD the Chopper (Hill Orc Monk)              Turns: 2882, Time: 00:02:32

Health: -5/41      AC:  9    Str: 15    XL:     4   Next: 43%
Magic:  4/4        EV:  7    Int: 10    God:
Gold:   55         SH:  0    Dex: 13    Spells: 3/3 levels left

rFire   . . .      SeeInvis .   a - +0 hand axe
rCold   . . .      Faith    .   (no shield)
rNeg    . . .      Spirit   .   n - +0 chain mail
rPois   .          Reflect  .   (no helmet)
rElec   .          Harm     .   (no cloak)
rCorr   .          Rampage  .   (no gloves)
Will    .....                   i - +0 pair of boots
Stlth   ..........              (no amulet)
HPRegen 0.13/turn               (no ring)
MPRegen 0.09/turn               (no ring)

@: no status effects
A: no striking features
a: no special abilities


You were on level 2 of the Dungeon.
You visited 1 branch of the dungeon, and saw 3 of its levels.

You collected 55 gold pieces.

Inventory:

Hand Weapons
 a - a +0 hand axe (weapon)
Missiles
 g - 4 silver javelins (quivered)
Armour
 i - a +0 pair of boots (worn)
 n - a +0 chain mail (worn)
Jewellery
 r - a +4 ring of slaying
Scrolls
 b - a scroll of vulnerability {unknown}
 d - 2 scrolls of torment {unknown}
 e - a scroll of amnesia {unknown}
 f - a scroll of immolation {unknown}
 k - 3 scrolls of identify {unknown}
 l - 4 scrolls of teleportation {unknown}
 m - 2 scrolls of enchant weapon {unknown}
Potions
 c - 2 potions of curing {unknown}
 h - a potion of might {unknown}
 j - a potion of degeneration {unknown}
 o - a potion of mutation {unknown}
 p - a potion of invisibility {unknown}
 q - 2 potions of brilliance {unknown}


   Skills:
 + Level 4.3 Fighting
 + Level 5.3 Axes
 * Level 2.3 Armour
 - Level 2.4 Dodging
 - Level 1.5 Stealth


You had 3 spell levels left.
You didn't know any spells.
Your spell library was empty.

Dungeon Overview and Level Annotations

Branches:
Dungeon (3/15)

Altars:


Message History

The ice beast is moderately wounded.
The ice beast closely misses you.
You barely miss the ice beast.
The ice beast is moderately wounded.
The ice beast hits you but does no damage.
You hit the ice beast but do no damage.
The ice beast is moderately wounded.
The ice beast hits you but does no damage.
You closely miss the ice beast.
The ice beast is moderately wounded.
The ice beast hits you but does no damage.
You barely miss the ice beast.
The ice beast is moderately wounded.
The ice beast barely misses you.
You hit the ice beast.
The ice beast is moderately wounded.
The ice beast hits you. The ice beast freezes you!
You barely miss the ice beast.
The ice beast is moderately wounded.
The ice beast barely misses you.
You barely miss the ice beast.
The ice beast is moderately wounded.
The ice beast hits you. The ice beast freezes you!
* * * LOW HITPOINT WARNING * * *
You hit the ice beast but do no damage.
The ice beast is moderately wounded.
The ice beast hits you but does no damage.
You see here 19 sling bullets.
Things that are here:
a +0 club; a +0 hunting sling; 24 stones The ice beast hits you but does no damage.
There is an open door here.
The kobold throws a stone.
The stone barely misses you.
There is a stone staircase leading up here.
You climb upwards.
There is a stone staircase leading down here.
The ice beast hits you.
* * * LOW HITPOINT WARNING * * *
The ice beast freezes you!
You die...

.........# #...# ...≈.....##
#...# ..........# #..<#
..........#### ####...#
.#.....##....####......##
...######.##.#....##....# ###
##.# ###.##....####....#######..
#.####.......#Y.# #............#
#......#..#####@# #...##...##.##
####.#####.#####.######...####..#
.....#####..#...........######...
#.............##..####### #.....
#....######.#####)## ##.###.
###### #.# #..## #..# #. #.#
##..#######.## ## #.#
##.....##..# # #|# #........## #


You could see an ice beast.

Vanquished Creatures
  An adder (D:2)
  A worm (D:3)
  A dart slug (D:1)
  8 endoplasms
  3 giant cockroaches
  5 goblins
  3 hobgoblins (D:1)
  2 jackals (D:2)
  10 kobolds
  3 quokkas (D:1)
  7 ball pythons
  9 bats
  6 frilled lizards
  5 rats
64 creatures vanquished.

Vanquished Creatures (others)
  A plant (D:1)
1 creature vanquished.

Grand Total: 65 creatures vanquished

Notes
Turn   | Place    | Note
-------+----------+-------------------------------------------
     0 | D:1      | Exodus22XD the Hill Orc Monk began the quest for the Orb.
     0 | D:1      | Reached XP level 1. HP: 19/19 MP: 1/1
    74 | D:1      | Reached XP level 2. HP: 3/27 MP: 2/2
   428 | D:1      | Reached skill level 1 in Armour
   481 | D:1      | Found a faded altar of an unknown god.
   675 | D:1      | Reached XP level 3. HP: 26/33 MP: 3/3
  1450 | D:1      | Reached skill level 5 in Axes
  1864 | D:2      | Reached XP level 4. HP: 40/40 MP: 4/4
  2833 | D:3      | Noticed an ice beast
  2882 | D:2      | Slain by an ice beast

Illustrated notes

Levels and vault maps discovered:
D:1:      sevenhm_arrival_forest_fort_large_4, layout_basic,
          ebering_ecumenical_altar_hall, serial_forest,
          infiniplex_forest_straight_3, infiniplex_forest_clump_small,
          infiniplex_forest_zigzag_1, infiniplex_forest_end_1,
          infiniplex_forest_clump_curved, st_stairs_1, minmay_quantized
D:2:      layout_rooms, skrybe_limestone_x, grunt_ministairs_4,
          patterned_corridor
D:3:      layout_basic, nicolae_figureground_pulse

Skill      XL: |  1  2  3  4 |
---------------+-------------+-----
Armour         | 1 2 |  2.3
Fighting       | 4 |  4.3
Axes           | 5 |  5.3
Dodging        | |  2.4
Stealth        | |  1.5

Action                   |  1- 3 |  4- 6 || total
-------------------------+-------+-------++-------
Melee: Hand axe          |   117 |    80 ||   197
       Punch             |       |     2 ||     2
 Stab: Sleeping          |     1 |       ||     1
Armor: Robe              |     1 |       ||     1
       Scale mail        |    44 |       ||    44
       Chain mail        |     5 |    47 ||    52
Dodge: Dodged            |    59 |    32 ||    91
